 Dungeon Crawl Stone Soup version 0.29-a0-542-g075992c915 (webtiles) character file.

Game seed: 443076672298530694

4 pokeman the Magician (level 1, 0/10 HPs)
             Began as a Deep Elf Hedge Wizard on June 4, 2022.
             Slain by a bat (1 damage)
             ... on level 1 of the Dungeon.
             The game lasted 00:00:41 (205 turns).

pokeman the Magician (Deep Elf Hedge Wizard)         Turns: 205, Time: 00:00:41

Health: 0/10       AC:  2    Str:  7    XL:     1   Next: 58%
Magic:  0/8        EV: 12    Int: 18    God:
Gold:   0          SH:  0    Dex: 14    Spells: 8/9 levels left

rFire   . . .      SeeInvis .   f - +0 long sword
rCold   . . .      Faith    .   (no shield)
rNeg    . . .      Spirit   .   b - +0 robe
rPois   .          Reflect  .   c - +0 hat
rElec   .          Harm     .   (no cloak)
rCorr   .          Rampage  .   (no gloves)
Will    .....                   (no boots)
Stlth   ++........              (no amulet)
HPRegen 0.03/turn               (no ring)
MPRegen 0.11/turn               (no ring)

@: no status effects
A: no striking features
a: no special abilities


You were on level 1 of the Dungeon.
You visited 1 branch of the dungeon, and saw 1 of its levels.

Inventory:

Hand Weapons
 f - a +0 long sword (weapon)
Armour
 b - a +0 robe (worn)
 c - a +0 hat (worn)
Scrolls
 a - a scroll of fear {unknown}
Potions
 d - a potion of magic
 e - a potion of brilliance {unknown}


   Skills:
 + Level 0.2 Fighting
 + Level 0.2 Armour
 - Level 2.4 Dodging
 - Level 2.4 Stealth
 * Level 4.5 Spellcasting
 + Level 1.2 Conjurations
 - Level 1.1 Summonings
 - Level 1.1 Translocations


You had 8 spell levels left.
You knew the following spells:

 Your Spells              Type           Power      Damage    Failure   Level
a - Magic Dart            Conj           32%        1d4       9%          1

Your spell library contained the following spells:

 Spells                   Type           Power      Damage    Failure   Level
 Summon Small Mammal      Summ           32%        N/A       9%          1
 Blink                    Tloc           16%        N/A       13%         2
 Call Imp                 Summ           8%         N/A       13%         2
 Slow                     Hex            16%        N/A       14%         1
 Call Canine Familiar     Summ           8%         N/A       26%         3
 Conjure Flame            Conj/Fire      6%         6-21      32%         3
 Summon Guardian Golem    Hex/Summ       6%         N/A       32%         3
 Mephitic Cloud           Conj/Pois/Air  5%         N/A       34%         3


Dungeon Overview and Level Annotations

Branches:
Dungeon (1/15)

Altars:


Message History

Aiming: Magic Dart (safe; 9% risk of failure)
Press: ? - help, Shift-Dir - straight line, f - jackal
Aim: a jackal (lightly wounded, 100% to hit)
The magic dart hits the jackal but does no damage.
The jackal is lightly wounded.
The jackal completely misses you.
You closely miss the jackal. The jackal closely misses you.
The jackal bites you.
You closely miss the jackal. The jackal barely misses you. x2
You hit the jackal.
The jackal is moderately wounded.
The jackal barely misses you. The jackal bites you.
You hit the jackal.
The jackal is almost dead.
The jackal bites you.
You hit the jackal but do no damage.
The jackal is almost dead.
The jackal bites you. The jackal closely misses you.
You closely miss the jackal.
The jackal is almost dead.
The jackal bites you.
* * * LOW HITPOINT WARNING * * *
The jackal bites you.
* * * LOW HITPOINT WARNING * * *
Unknown command.
Casting: Magic Dart (safe; 9% risk of failure)
Confirm with . or Enter, or press ? or * to list all spells.
Aiming: Magic Dart (safe; 9% risk of failure)
Press: ? - help, Shift-Dir - straight line, f/p - jackal
Aim: a jackal (almost dead, 100% to hit)
The magic dart hits the jackal.
You kill the jackal!
The bat hits you but does no damage.
Unknown command.
Casting: Magic Dart (safe; 9% risk of failure)
Confirm with . or Enter, or press ? or * to list all spells.
You don't have enough magic to cast this spell.
Unknown command.
Found a faded altar of an unknown god.
The bat hits you.
You die...

#........##.# # #.
#######..##.# ##. #.
#..##.#
...##.############.>##.#
≈≈.†.≈≈................#
≈...........######..####
≈≈≈≈≈.≈####.# #..#
≈≈)≈≈..####.######..#
≈≈≈≈≈≈b@..h........)#
..≈≈≈≈≈####.#######.#
_♣≈≈≈.≈####.#######.#
≈≈≈≈≈...............#
≈≈≈≈≈≈......#########
≈≈≈≈≈≈≈###### ≈≈≈≈≈≈.
≈≈..≈..


You could see a jackal and a bat.

Vanquished Creatures
  2 jackals (D:1)
  A bat (D:1)
  A frilled lizard (D:1)
  A kobold (D:1)
5 creatures vanquished.

Notes
Turn   | Place    | Note
-------+----------+-------------------------------------------
     0 | D:1      | pokeman the Deep Elf Hedge Wizard began the quest for the
                  | Orb.
     0 | D:1      | Reached XP level 1. HP: 10/10 MP: 7/7
   205 | D:1      | Found a faded altar of an unknown god.
   205 | D:1      | Slain by a bat

Illustrated notes

Levels and vault maps discovered:
D:1:      saegor_arrival_miasma, layout_loops_ring,
          chequers_ecumenical_altar_island, chequers_serial_rivers_micro_a,
          grunt_decor_cap, nicolae_figureground_sparkle

Action                   || total
-------------------------++-------
Melee: Long sword        ||     6
 Cast: Magic Dart        ||    11
Armor: Robe              ||     1
Dodge: Dodged            ||     7

Table legend: (Time is in decaauts)
 A = Elapsed time spent in this place.
 B = Non-inter-level travel time spent in this place.
 C = Inter-level travel time spent in this place.
 D = Time resting spent in this place.
 E = Time spent auto-exploring this place.
 F = Levels seen in this place.
 G = Mean time per level.
                   A        B        C        D        E       F      G
               +--------+--------+--------+--------+--------+-----+--------+
         Total |    206 |    206 |      0 |     32 |    118 |   1 |  206.0 |
       Dungeon |    206 |    206 |      0 |     32 |    118 |   1 |  206.0 |
               +--------+--------+--------+--------+--------+-----+--------+

Top non-repeatable levels by time:
     D:1: 206 daAuts
